 Dungeon Crawl Stone Soup version 0.27-a0-650-g8dd3ea4f36 (webtiles) character file.

Game seed: 6932638254435682313

55 jestyr24 the Skirmisher (level 3, -8/33 HPs)
             Began as a Hill Orc Fighter on Mar 16, 2021.
             Mangled by Sigmund
             ... wielding a +0 scythe
              (9 damage)
             ... on level 2 of the Dungeon.
             The game lasted 00:04:29 (1648 turns).

jestyr24 the Skirmisher (Hill Orc Fighter)          Turns: 1648, Time: 00:04:29

Health: -8/33      AC:  7    Str: 19    XL:     3   Next: 93%
Magic:  3/3        EV:  7    Int:  8    God:
Gold:   63         SH:  9    Dex: 10    Spells: 2/2 levels left

rFire    . . .     SeeInvis .   a - +0 war axe
rCold    . . .     Faith    .   c - +0 kite shield
rNeg     . . .     Spirit   .   b - +0 scale mail
rPois    .         Reflect  .   (no helmet)
rElec    .         Harm     .   (no cloak)
rCorr    .         Rampage  .   (no gloves)
Will     .....                  (no boots)
Stlth    ..........             (no amulet)
HPRegen  0.11/turn              (no ring)
MPRegen  0.08/turn              (no ring)

@: mighty, attractive
A: no striking features
a: no special abilities


You were on level 2 of the Dungeon.
You visited 1 branch of the dungeon, and saw 2 of its levels.

You collected 63 gold pieces.

Inventory:

Hand Weapons
 a - a +0 war axe (weapon)
 j - a +1 trident of protection
Missiles
 h - 36 stones (quivered)
Armour
 b - a +0 scale mail (worn)
 c - a +0 kite shield (worn)
Scrolls
 f - 2 scrolls of teleportation {unknown}
 g - 3 scrolls of identify {unknown}
Potions
 e - 2 potions of curing


   Skills:
 + Level 4.1 Fighting
 + Level 3.8 Axes
 + Level 3.7 Armour
 + Level 0.2 Dodging
 + Level 3.8 Shields


You had 2 spell levels left.
You didn't know any spells.
Your spell library was empty.

Dungeon Overview and Level Annotations

Branches:
Dungeon (2/15)

Altars:

Annotations:
D:2 Sigmund


Message History

Sigmund gestures at you while chanting. The magic dart hits you.
The adder closely misses you.
Sigmund gestures at himself while chanting.
Sigmund flickers and vanishes!
Deactivating autopickup; reactivate with Ctrl-A.
You block the adder's attack.
You slash the adder!
The adder is severely wounded.
The adder bites you but does no damage. The adder barely misses you.
The adder bites you.
You are poisoned.
The adder poisons you!
You slash the adder!
You kill the adder!
You closely miss the adder.
You feel sick.
A magic dart appears from out of thin air!
The magic dart hits you. You block the adder's attack.
You hear some strange, mumbled words.
You are confused.
The adder bites you but does no damage.
You bump into the rock wall.
The adder closely misses you.
You feel sick. The adder bites you.
You are more poisoned.
The adder poisons you! Something hits you.
You bump into the rock wall.
You feel sick. The adder bites you but does no damage. Something hits you!
The adder bites you.
You are lethally poisoned!
The adder poisons you!
It was a potion of curing.
You feel better. Something hits you!
* * * LOW HITPOINT WARNING * * *
The adder bites you but does no damage.
It was a potion of attraction.
You feel attractive to monsters. The adder bites you but does no damage.
Something hits you.
* * * LOW HITPOINT WARNING * * *
You feel very mighty all of a sudden. You block the adder's attack.
Something hits you!
You die...

#.# #.# #.# #.
#.######.#### #.## #.
#..)(........ ...# #.
.........#### #..# ##
########## #..# #..#
### #..# ##...# ###
#..#
##.###.####.###.@#
#..............†S#
...#####.........####
...#.†.)............#
...#.###......^..##.#
...#.##.##...#...# #
##.#>#.# ##.##...#
#....# #..##.$.#
#.#.## #.........


You could see an adder.

Vanquished Creatures
  An adder (D:2)
  2 oozes (D:1)
  2 worms (D:2)
  A giant cockroach (D:2)
  5 hobgoblins
  3 kobolds
  A ball python (D:2)
  6 bats
  4 frilled lizards
  3 goblins
  8 rats
36 creatures vanquished.

Notes
Turn   | Place    | Note
-------+----------+-------------------------------------------
     0 | D:1      | jestyr24 the Hill Orc Fighter began the quest for the Orb.
     0 | D:1      | Reached XP level 1. HP: 19/19 MP: 1/1
   151 | D:1      | Reached XP level 2. HP: 27/27 MP: 2/2
   391 | D:1      | You fall into a shaft and drop 1 floor!
   693 | D:1      | Reached XP level 3. HP: 33/33 MP: 3/3
   976 | D:1      | Reached skill level 4 in Fighting
  1632 | D:2      | Noticed Sigmund
  1647 | D:2      | HP: 1/33 [something (6)]
  1648 | D:2      | Mangled by Sigmund

Illustrated notes

Levels and vault maps discovered:
D:1:      dpeg_arrival_short_road, layout_basic
D:2:      layout_loops_ring, uniq_sigmund

Skill      XL: |  1  2  3 |
---------------+----------+-----
Axes           | 3 |  3.8
Fighting       | 4 |  4.1
Armour         | |  3.7
Dodging        | |  0.2
Shields        | |  3.8

Action                   || total
-------------------------++-------
Melee: War axe           ||    98
  Use: Potion            ||     3
Armor: Scale mail        ||    46
Dodge: Dodged            ||    43
Block: Kite shield       ||    60

Table legend: (Time is in decaauts)
 A = Elapsed time spent in this place.
 B = Non-inter-level travel time spent in this place.
 C = Inter-level travel time spent in this place.
 D = Time resting spent in this place.
 E = Time spent auto-exploring this place.
 F = Levels seen in this place.
 G = Mean time per level.
                   A        B        C        D        E       F      G
               +--------+--------+--------+--------+--------+-----+--------+
         Total |   1703 |   1703 |      0 |    199 |   1060 |   2 |  851.5 |
       Dungeon |   1703 |   1703 |      0 |    199 |   1060 |   2 |  851.5 |
               +--------+--------+--------+--------+--------+-----+--------+

Top non-repeatable levels by time:
     D:1: 1247 daAuts
     D:2: 456 daAuts
